 Dungeon Crawl Stone Soup version 0.19-a0-749-g66ae36b (webtiles) character file.

67 incide the Conjurer (level 4, -2/24 HPs)
             Began as a Tengu Conjurer on June 24, 2016.
             Slain by Purgy (3 damage)
             ... on level 3 of the Dungeon.
             The game lasted 00:05:42 (2175 turns).

incide the Conjurer (Tengu Conjurer)                Turns: 2175, Time: 00:05:42

Health: -2/24      AC:  3    Str: 13    XL:     4   Next: 16%
Magic:  1/9        EV: 13    Int: 17    God:
Gold:   61         SH:  0    Dex: 14    Spells: 3 memorised, 2 levels left

rFire  + . .     SeeInvis .     l - +3 long sword
rCold  x . .     Gourm    .     a - +0 robe
rNeg   . . .     Faith    .     (no shield)
rPois  .         Spirit   .     (helmet restricted)
rElec  .         Dismiss  .     i - +0 cloak
rCorr  .         Reflect  .     (no gloves)
SustAt .         Harm     .     (boots unavailable)
MR     .....                    (no amulet)
Stlth  ++........               p - ring of fire
                                o - +5 ring of strength

@: not resistant to hostile enchantments, unstealthy
A: beak, talons 3
a: no special abilities


You were on level 3 of the Dungeon.
You were hungry.

You visited 1 branch of the dungeon, and saw 3 of its levels.

You collected 61 gold pieces.

Inventory:

Hand Weapons
 e - a +4 whip
 l - a +3 long sword (weapon)
Armour
 a - a +0 robe (worn)
 i - a +0 cloak (worn)
 s - a +0 buckler
Jewellery
 o - a +5 ring of strength (left hand)
 p - a ring of fire (right hand)
 r - an uncursed ring of resist corrosion {unknown}
Scrolls
 f - a scroll of identify {unknown}
 h - a scroll of recharging {unknown}
 j - a scroll of enchant armour {unknown}
 k - a scroll of fear {unknown}
Potions
 d - a potion of degeneration {unknown}
 g - a potion of heal wounds {unknown}
 q - a potion of cure mutation {unknown}
 t - a potion of brilliance {unknown}
Books
 b - a book of Conjurations

   Spells                             Type                      Level
   a - Magic Dart                     Conjuration                  1
   b - Searing Ray                    Conjuration                  2
   c - Dazzling Spray                 Conjuration/Hexes            3
   d - Fulminant Prism                Conjuration/Hexes            4
   e - Iskenderun's Mystic Blast      Conjuration                  4
   f - Iskenderun's Battlesphere      Conjuration/Charms           5
Comestibles
 c - 2 bread rations
 m - a meat ration
 n - 4 fruits


   Skills:
 + Level 3.2 Dodging
 - Level 2.0 Stealth
 * Level 2.7 Spellcasting
 - Level 6.0 Conjurations


You had 2 spell levels left.
You knew the following spells:

 Your Spells              Type           Power        Failure   Level  Hunger
a - Magic Dart            Conj           ###.         1%          1    #......
b - Searing Ray           Conj           ###...       2%          2    ##.....
c - Dazzling Spray        Conj/Hex       ##....       17%         3    ###....


Dungeon Overview and Level Annotations

Branches:
Dungeon (3/15)

Altars:

Annotations:
D:3 Purgy


Innate Abilities, Weirdness & Mutations

You have a beak for a mouth.
You have claws for feet.


Message History

Purgy bites you but does no damage. Purgy claws you. Purgy misses you.
The searing ray hits Purgy.
Purgy is heavily wounded.
Purgy completely misses you. Purgy closely misses you. x2
The searing ray hits Purgy.
Purgy is severely wounded.
You finish channeling your searing ray.
Purgy bites you! Purgy barely misses you. Purgy claws you.
You closely miss Purgy. Your kick misses Purgy.
Purgy is severely wounded.
Purgy bites you.
* * * LOW HITPOINT WARNING * * *
Purgy claws you.
* * * LOW HITPOINT WARNING * * *
Purgy claws you.
* * * LOW HITPOINT WARNING * * *
An orc comes into view. It is wielding a mace.
The orc shouts!
Purgy bites you.
You die...

.. .. #. ##### #.#
#.#.# #.# #.#.#
#.############.#.####
#...@T..o...........#
#..#######.###.####.#
#..# #.# #.# .# ##..#
#># #.# .. #...# #.#
#.. #. #.#.# #.# #.#
T #.#.# #.# #.. .
#########.#.# #.# ###
# ..........#.# #.#


You could see Purgy and an orc.

Vanquished Creatures
  Robin (D:2)
  An adder (D:2)
  A giant gecko (D:1)
  4 giant cockroaches
  10 goblins
  8 hobgoblins
  6 kobolds (D:1)
  A quokka (D:2)
  2 bats
  3 giant newts
  6 rats
43 creatures vanquished.

Notes
Turn   | Place    | Note
--------------------------------------------------------------
     0 | D:1      | incide the Tengu Conjurer began the quest for the Orb.
     0 | D:1      | Reached XP level 1. HP: 10/10 MP: 4/4
   389 | D:1      | Reached XP level 2. HP: 15/15 MP: 0/6
   465 | D:1      | Learned a level 2 spell: Searing Ray
   855 | D:1      | Reached skill level 6 in Conjurations
  1050 | D:1      | Reached XP level 3. HP: 19/19 MP: 4/7
  1428 | D:2      | Noticed Robin
  1472 | D:2      | Reached skill level 3 in Dodging
  1516 | D:2      | Killed Robin
  1868 | D:2      | Reached XP level 4. HP: 22/24 MP: 7/9
  2143 | D:3      | Noticed Purgy
  2149 | D:3      | Learned a level 3 spell: Dazzling Spray
  2168 | D:3      | HP: 4/24 [Purgy (6)]
  2168 | D:3      | HP: 1/24 [Purgy (1)]
  2175 | D:3      | Slain by Purgy

Vault maps used:
D:1:      elethiomel_arrival_shortcut
D:2:      uniq_robin
D:3:      minmay_shallow_snake_nest, uniq_jessica, uniq_purgy

Skill      XL: |  1  2  3 |
---------------+----------+-----
Conjurations   | 6 |  6.0
Dodging        | 3 |  3.2
Stealth        | |  2.0
Spellcasting   | |  2.7

Action                   |  1- 3 |  4- 6 || total
-------------------------+-------+-------++-------
Melee: Whip              |    13 |       ||    13
       Kick              |     8 |     1 ||     9
       Unarmed           |     2 |       ||     2
       Peck              |     4 |       ||     4
       Long sword        |    18 |     2 ||    20
 Cast: Magic Dart        |    50 |     3 ||    53
       Searing Ray       |       |     3 ||     3
 Stab: Sleeping          |     3 |       ||     3
  Eat: Chunk             |     3 |     1 ||     4
Armor: Robe              |     7 |     1 ||     8
Dodge: Dodged            |    25 |    11 ||    36
